 Dungeon Crawl Stone Soup version 0.29-a0-298-g3c90f9a769 (webtiles) character file.

Game seed: 3491278836259073795

7 Dabor the Stinger (level 1, 0/10 HPs)
             Began as a Deep Elf Venom Mage on Mar 23, 2022.
             Slain by a jackal (2 damage)
             ... on level 1 of the Dungeon.
             The game lasted 00:00:13 (176 turns).

Dabor the Stinger (Deep Elf Venom Mage)              Turns: 176, Time: 00:00:13

Health: 0/10       AC:  2    Str:  5    XL:     1   Next: 83%
Magic:  0/6        EV: 12    Int: 19    God:
Gold:   25         SH:  0    Dex: 15    Spells: 5/6 levels left

rFire   . . .      SeeInvis .   (no weapon)
rCold   . . .      Faith    .   (no shield)
rNeg    . . .      Spirit   .   a - +0 robe
rPois   .          Reflect  .   (no helmet)
rElec   .          Harm     .   (no cloak)
rCorr   .          Rampage  .   (no gloves)
Will    .....                   (no boots)
Stlth   ++........              (no amulet)
HPRegen 0.03/turn               (no ring)
MPRegen 0.10/turn               (no ring)

@: no status effects
A: no striking features
a: no special abilities


You were on level 1 of the Dungeon.
You visited 1 branch of the dungeon, and saw 1 of its levels.

You collected 25 gold pieces.

Inventory:

Armour
 a - a +0 robe (worn)
Potions
 b - a potion of magic
 c - a potion of attraction {unknown}


   Skills:
 + Level 2.6 Dodging
 + Level 2.6 Stealth
 + Level 3.1 Spellcasting
 + Level 1.3 Transmutations
 + Level 3.4 Poison Magic


You had 5 spell levels left.
You knew the following spells:

 Your Spells              Type           Power      Damage    Failure   Level
a - Sting                 Tmut/Pois      48%        1d5       6%          1

Your spell library contained the following spells:

 Spells                   Type           Power      Damage    Failure   Level
 Poisonous Vapours        Pois/Air       18%        N/A       12%         2
 Mephitic Cloud           Conj/Pois/Air  7%         N/A       28%         3
 Olgreb's Toxic Radiance  Pois           15%        N/A       36%         4


Dungeon Overview and Level Annotations

Branches:
Dungeon (1/15)

Altars:

Annotations:
D:1 1 runed translucent door


Message History

The jackal is heavily wounded.
The jackal closely misses you. x2
The sting hits the jackal.
The jackal looks even sicker.
You kill the jackal!
You are too depleted to draw on your mana recklessly!
You are too depleted to draw on your mana recklessly!
You are too depleted to draw on your mana recklessly!
You are too depleted to draw on your mana recklessly!
You hit the rat but do no damage. The rat bites you.
You hit the rat but do no damage. The rat bites you.
You barely miss the rat. The rat barely misses you.
You hit the rat but do no damage. You punch the rat.
The rat is heavily wounded.
The rat bites you but does no damage.
You closely miss the rat.
The rat is heavily wounded.
The rat barely misses you.
Casting: Sting (safe; 6% risk of failure)
Confirm with . or Enter, or press ? or * to list all spells.
Aiming: Sting (safe; 6% risk of failure)
Press: ? - help, Shift-Dir - straight line, f - rat
Aim: a rat (heavily wounded, 71% to hit)
The sting hits the rat.
The rat is poisoned.
You kill the rat!
The jackal bites you.
You closely miss the jackal. The jackal bites you.
You miss the jackal. The jackal closely misses you.
You hit the jackal but do no damage. The jackal bites you.
The jackal closely misses you.
You are too injured to fight recklessly!
You are too injured to fight recklessly!
You are too injured to fight recklessly!
You are too injured to fight recklessly!
You barely miss the jackal. The jackal bites you.
* * * LOW HITPOINT WARNING * * *
You closely miss the jackal. The jackal bites you.
* * * LOW HITPOINT WARNING * * *
The jackal closely misses you.
You closely miss the jackal. The jackal bites you.
You die...

### ..#
#.# #.# ##
#.# #. #h#
#.
####@#####
########.
#........#
#........
#.##.###.#
#.#######
.. ....
#.####.#
###.##.#
#......# #
# #.#
########
### #.#
#.. ..#
######.#
..
#.......


You could see a jackal.

Vanquished Creatures
  A hobgoblin (D:1)
  3 jackals (D:1)
  A goblin (D:1)
  A rat (D:1)
6 creatures vanquished.

Notes
Turn   | Place    | Note
-------+----------+-------------------------------------------
     0 | D:1      | Dabor the Deep Elf Venom Mage began the quest for the Orb.
     0 | D:1      | Reached XP level 1. HP: 10/10 MP: 6/6
     1 | D:1      | Found a runed translucent door.
   176 | D:1      | Slain by a jackal

Illustrated notes

Levels and vault maps discovered:
D:1:      dpeg_arrival_caged_fury, layout_loops_ring,
          hellmonk_ecumenical_altar_run_dry

Action                   || total
-------------------------++-------
Melee: Unarmed           ||    11
       Punch             ||     1
 Cast: Sting             ||    12
Armor: Robe              ||     1
Dodge: Dodged            ||    11

Table legend: (Time is in decaauts)
 A = Elapsed time spent in this place.
 B = Non-inter-level travel time spent in this place.
 C = Inter-level travel time spent in this place.
 D = Time resting spent in this place.
 E = Time spent auto-exploring this place.
 F = Levels seen in this place.
 G = Mean time per level.
                   A        B        C        D        E       F      G
               +--------+--------+--------+--------+--------+-----+--------+
         Total |    176 |    176 |      0 |      0 |    144 |   1 |  176.0 |
       Dungeon |    176 |    176 |      0 |      0 |    144 |   1 |  176.0 |
               +--------+--------+--------+--------+--------+-----+--------+

Top non-repeatable levels by time:
     D:1: 176 daAuts
